 Dungeon Crawl Stone Soup version 0.27.1-3-gb3d3a73c9e (webtiles) character file.

Game seed: 9894524704688703428

374 curiousnu the Chopper (level 6, -3/46 HPs)
             Began as a Demonspawn Gladiator on Oct 21, 2021.
             Killed from afar by Pikel (18 damage)
             ... with a bolt of acid
             ... on level 4 of the Dungeon.
             The game lasted 00:09:27 (3658 turns).

curiousnu the Chopper (Demonspawn Gladiator)        Turns: 3658, Time: 00:09:28

Health: -3/46      AC:  4    Str: 17    XL:     6   Next: 43%
Magic:  6/6        EV: 12    Int:  9    God:
Gold:   130        SH:  5    Dex: 14    Spells: 5/5 levels left

rFire    + . .     SeeInvis .   a - +0 war axe
rCold    . . .     Faith    .   (no shield)
rNeg     . . .     Spirit   .   k - +0 ring mail
rPois    .         Reflect  +   c - +0 helmet
rElec    .         Harm     .   (no cloak)
rCorr    .         Rampage  .   e - +0 pair of gloves
Will     .....                  (no boots)
Stlth    +.........             h - amulet of reflection
HPRegen  0.15/turn              z - ring of protection from fire
MPRegen  0.10/turn              (no ring)

@: corroded
A: spiny 2, sharp scales 1
a: no special abilities


You were on level 4 of the Dungeon.
You visited 1 branch of the dungeon, and saw 5 of its levels.
You also visited: Sewer.

You collected 130 gold pieces.

Inventory:

Hand Weapons
 a - a +0 war axe (weapon)
 v - a +1 hand axe of flaming
 w - the +7 flail of Immorality {drain, Fragile rElec rN+++ Dex-3}
   (You found it on level 4 of the Dungeon)

   A truly terrible weapon, it drains the life of any living foe it strikes.
   Dex:       It affects your dexterity (-3).
   rElec:     It insulates you from electricity.
   rN:        It renders you almost immune to negative energy.
   Fragile:   It will be destroyed if unequipped.
Missiles
 d - 3 throwing nets
 l - 4 poisoned darts (quivered)
Armour
 b - a +0 leather armour
 c - a +0 helmet (worn)
 e - a +0 pair of gloves (worn)
 k - a +0 ring mail (worn)
 u - a +0 helmet
Jewellery
 f - a ring of wizardry
 h - an amulet of reflection (around neck)
 z - a ring of protection from fire (left hand)
Scrolls
 g - a scroll of silence
 j - a scroll of blinking {unknown}
 m - 4 scrolls of identify {unknown}
 n - a scroll of teleportation {unknown}
 q - a scroll of summoning {unknown}
 r - a scroll of acquirement {unknown}
 t - a scroll of immolation {unknown}
 y - a scroll of amnesia {unknown}
Potions
 i - a potion of degeneration {unknown}
 o - a potion of cancellation {unknown}
 p - a potion of heal wounds
 s - a potion of lignification {unknown}
 x - a potion of curing {unknown}


   Skills:
 + Level 2.8 Fighting
 * Level 5.7 Axes
 + Level 1.9 Throwing
 + Level 1.3 Armour
 + Level 3.3 Dodging


You had 5 spell levels left.
You didn't know any spells.
Your spell library was empty.

Dungeon Overview and Level Annotations

Branches:
Dungeon (5/15)              Sewer (visited)
 Temple: D:4-7

Altars:

Shops:
D:3 ([(::

Annotations:
D:2 Sigmund
D:4 Pikel


Innate Abilities, Weirdness & Mutations

You are mostly covered in sharp spines.
You are partially covered in razor-sharp scales. (AC +1, Slay +1)


Message History

You continue putting on your amulet of reflection. x5
You finish putting on your amulet of reflection.
You feel a shielding aura gather around you.
h - an amulet of reflection (around neck) HP restored.
An orc comes into view. It is wielding a +0 short sword.
The orc shouts!
You closely miss the orc. The orc is struck by your spines.
The orc closely misses you. x2
You closely miss the orc.
The orc is heavily wounded.
The orc is struck by your spines.
You kill the orc!
Things that are here:
a +0 short sword; a +0 leather armour A hobgoblin and 2 lemures come into view.
The lemure shouts! x2; The hobgoblin shouts!
You hear a shout!
You barely miss the hobgoblin. You block the hobgoblin's attack.
You closely miss the hobgoblin.
The hobgoblin hits you but does no damage.
You barely miss the hobgoblin. The hobgoblin is struck by your spines.
You kill the hobgoblin!
You hit the lemure but do no damage. The lemure is struck by your spines.
The lemure hits you but does no damage.
You hit the lemure but do no damage.
The lemure is lightly wounded.
The lemure is struck by your spines. The lemure barely misses you.
You closely miss the lemure.
The lemure is moderately wounded.
The lemure hits you.
Pikel the Slaver comes into view.
He is wielding a +2 whip of flaming and carrying a wand of acid (7).
You block the lemure's attack.
Pikel shouts!
A lemure comes into view.
A lemure comes into view.
The lemure shouts!
Pikel zaps a wand.
The bolt of acid hits you! The acid corrodes you!
You are splashed with acid!
Pikel zaps a wand.
The bolt of acid hits you!!
You die...

#......#..#..#..# #.#####
#.######..#..#..#### #.#####
#.##......#.....#..#####......
#.##.#############......######
#.......### ######.#
####......#############.####
######.##...............#
#.##.<....####..##.###
#.##.@.(..# #.###.##.
####.##......# #.# #....
#............# #.######.
#.##K#.......# #...# ## #
##.#5####### ###.# # #..#.#
##..# #.#K##.# #...# #..55..#
#≈≈≈# #.......# #≈≈≈#####


You could see Pikel and a lemure.

Vanquished Creatures
  A phantom (D:4)
  An orc priest (D:4)
  A centaur skeleton (D:3)
  An orc wizard (D:4)
  2 gnolls (D:1)
  6 adders
  A river rat (Sewer)
  An ufetubus (D:4)
  3 worms
  5 orcs (D:4)
  11 ball pythons
  7 bats
  15 endoplasms
  3 giant cockroaches
  7 goblins
  6 hobgoblins
  11 jackals
  12 kobolds
  10 quokkas
  2 frilled lizards (D:1)
  10 rats
116 creatures vanquished.

Notes
Turn   | Place    | Note
-------+----------+-------------------------------------------
     0 | D:1      | curiousnu the Demonspawn Gladiator began the quest for the
                  | Orb.
     0 | D:1      | Reached XP level 1. HP: 16/16 MP: 1/1
     6 | D:1      | Found a runed translucent door.
    77 | D:1      | Reached skill level 3 in Axes
   164 | D:1      | Gained mutation: You are partially covered in sharp spines.
                  | [demonic ancestry]
   164 | D:1      | Reached XP level 2. HP: 22/22 MP: 2/2
   481 | D:1      | Reached XP level 3. HP: 14/27 MP: 3/3
   671 | D:1      | Reached skill level 4 in Axes
   857 | D:1      | Found a faded altar of an unknown god.
   890 | D:1      | Reached XP level 4. HP: 33/33 MP: 4/4
  1504 | D:2      | Noticed Sigmund
  1660 | D:3      | Found Fantit's Antique Armour Shop.
  1686 | D:2      | Gained mutation: You are mostly covered in sharp spines.
                  | [demonic ancestry]
  1686 | D:2      | Reached XP level 5. HP: 34/38 MP: 5/5
  1799 | D:3      | Found Jakuut's Antique Weapon Emporium.
  1868 | D:3      | Found Perghimu's Book Emporium.
  1868 | D:3      | Found Diyhuapu's Weapon Shoppe.
  1925 | D:4      | Found a glowing drain.
  1954 | Sewer    | Entered a sewer
  2027 | Sewer    | Reached skill level 1 in Armour
  2131 | Sewer    | Reached skill level 5 in Axes
  2690 | D:3      | Found Hilys's Book Shoppe.
  3242 | D:5      | Entered Level 5 of the Dungeon
  3302 | D:4      | Gained mutation: You are partially covered in razor-sharp
                  | scales. (AC +1, Slay +1) [demonic ancestry]
  3302 | D:4      | Reached XP level 6. HP: 41/46 MP: 6/6
  3328 | D:4      | Identified the +7 flail of Immorality {drain, Fragile rElec
                  | rN+++ Dex-3}
  3651 | D:4      | Noticed Pikel
  3658 | D:4      | Killed from afar by Pikel

Illustrated notes

Levels and vault maps discovered:
D:1:      dpeg_arrival_caged_fury, layout_loops_ring,
          shapermc_ecumenical_altar_pompeii
D:2:      layout_loops_ring, kennysheep_decorative_pillar, minmay_mini_jars,
          uniq_sigmund
D:3:      layout_loops_ring, serial_shops, shop, shop, shop, shop,
          nicolae_lakefront_shop, minivault_25, bh_walls_and_bars
D:4:      minmay_angry_zag, layout_loops_cross, portal_sewer_entry_f,
          minmay_small_thing, uniq_pikel
D:5:      layout_gridville, minmay_temple_entry_overgrown, serial_shops,
          nicolae_diamond_shop, dk_rats_in_the_wall

Skill      XL: |  1  2  3  4  5 |
---------------+----------------+-----
Axes           | 3 4 5 |  5.7
Dodging        | 3 |  3.3
Armour         | 1 |  1.3
Fighting       | |  2.8
Throwing       | |  1.9

Action                   |  1- 3 |  4- 6 || total
-------------------------+-------+-------++-------
Melee: War axe           |    54 |   122 ||   176
  Use: Scroll            |       |     1 ||     1
Armor: Leather armour    |    19 |       ||    19
       Ring mail         |       |    43 ||    43
Dodge: Dodged            |    32 |    69 ||   101
Block: Other             |       |     2 ||     2
